 Dungeon Crawl Stone Soup version 0.31-a0-198-g2ad674f65e (webtiles) character file.

Game seed: 7499756411982512508

23 qw the Shooter (level 2, 0/16 HPs)
             Began as a Deep Elf Hunter on June 25, 2023.
             Killed from afar by a dart slug (3 damage)
             ... with a slug dart
             ... on level 2 of the Dungeon.
             The game lasted 00:00:11 (429 turns).

qw the Shooter (Deep Elf Hunter)                     Turns: 429, Time: 00:00:11

Health: 0/16       AC:  3    Str:  8    XL:     2   Next: 72%
Magic:  4/4        EV: 12    Int: 13    God:
Gold:   62         SH:  0    Dex: 18    Spells: 1/1 levels left

rFire   . . .        Y - +0 shortbow
rCold   . . .        (shield currently unavailable)
rNeg    . . .        c - +0 leather armour
rPois   .            (no helmet)
rElec   .            (no cloak)
rCorr   .            (no gloves)
SInv    .            (no boots)
Will    .....        (no amulet)
Stlth   ++           (no ring)
HPRegen 0.22/turn    (no ring)
MPRegen 0.09/turn

%: no passive effects
@: no status effects
A: no striking features
a: no special abilities


You were on level 2 of the Dungeon.
You visited 1 branch of the dungeon, and saw 2 of its levels.

You collected 62 gold pieces.


   Skills:
 - Level 1.5 Fighting
 + Level 6.4 Ranged Weapons
 - Level 2.4 Dodging
 - Level 1.2 Stealth


You had one spell level left.
You didn't know any spells.
Your spell library was empty.

Inventory:

Hand Weapons
 Y - a +0 shortbow (weapon)
Armour
 c - a +0 leather armour (worn)
Scrolls
 b - a scroll of butterflies
 e - a scroll of identify
 f - a scroll of teleportation {unknown}

Dungeon Overview and Level Annotations

Branches:
Dungeon (2/15)

Altars:


Message History

The ball python bites you but does no damage.
The ball python constricts you.
You shoot an arrow.
The arrow hits the ball python but does no damage.
The ball python is severely wounded.
The ball python bites you. The ball python constricts you.
The goblin completely misses you. The hobgoblin closely misses you.
A dart slug comes into view.
You shoot an arrow. The arrow hits the ball python!
You kill the ball python!
The goblin hits you but does no damage. The hobgoblin closely misses you.
You shoot an arrow. The arrow closely misses the hobgoblin.
A gnoll comes into view. It is wielding a +0 club.
The hobgoblin closely misses you. The goblin hits you with a +0 dagger.
You shoot an arrow. The arrow barely misses the hobgoblin.
The gnoll shouts!
The hobgoblin hits you. The goblin barely misses you.
The dart slug launches a dart at you. The slug dart misses you.
You shoot an arrow. The arrow closely misses the gnoll.
The hobgoblin barely misses you. The goblin barely misses you.
The gnoll hits you with a +0 flail.
A gnoll comes into view. It is wielding a +0 spear.
The gnoll barely misses you. The hobgoblin closely misses you.
The goblin closely misses you.
You shoot an arrow. The gnoll shouts!
The arrow hits the gnoll.
The gnoll is lightly wounded.
The goblin barely misses you. The hobgoblin closely misses you.
The gnoll closely misses you.
You shoot an arrow. The arrow hits the gnoll.
The gnoll is heavily wounded.
The goblin hits you but does no damage. The gnoll barely misses you.
The hobgoblin hits you but does no damage.
You shoot an arrow. The arrow hits the gnoll.
The gnoll is severely wounded.
The dart slug launches a dart at you. The slug dart hits you.
You die...

#...#..< .#...#..#
........## .........#
..P~~~. .........#
#..~P~P.. .........#
#.P~~~~...
......gg.#####..~~~~...
......g@....##.(~~~~...
.....g.##...##.~~~~~...
.....?.####....P~~~~...
..........###...~~~....
..gw... #..##...~~~...#
....... #.###..~~~...#
.###.#. ##..##.#~~~.~.#
#.#. #......#~~~#P..
#......#~~~# ..


You could see 3 gnolls, a dart slug, a hobgoblin and a goblin.

Vanquished Creatures
  A dart slug (D:1)
  4 ball pythons
  4 bats
  2 endoplasms (D:1)
  A giant cockroach (D:2)
  2 goblins (D:1)
  2 hobgoblins (D:1)
  A frilled lizard (D:1)
  A rat (D:1)
18 creatures vanquished.

Notes
Turn   | Place    | Note
-------+----------+-------------------------------------------
     0 | D:1      | qw the Deep Elf Hunter began the quest for the Orb.
     0 | D:1      | Reached XP level 1. HP: 12/12 MP: 3/3
     0 | D:1      | 0 ||| qw: Version: 0.3-a-22-g0ed2b0b
     0 | D:1      | 0 ||| qw: Game counter: 4908
     0 | D:1      | 0 ||| qw: Melee chars always use a shield: true
     0 | D:1      | 0 ||| qw: God list: Okawaru
     0 | D:1      | 0 ||| qw: Allow faded altars: false
     0 | D:1      | 0 ||| qw: Do Orc after clearing Dungeon:15 true
     0 | D:1      | 0 ||| qw: Do second Lair branch before Depths: true
     0 | D:1      | 0 ||| qw: Lair rune preference: random
     0 | D:1      | 0 ||| qw: Goals: Normal
     0 | D:1      | 0 ||| PLANNING D:1-11
    61 | D:1      | 61 ||| FLEEEEING.
   145 | D:1      | Reached skill level 6 in Ranged Weapons
   145 | D:1      | Reached XP level 2. HP: 16/16 MP: 4/4
   383 | D:1      | You fall into a shaft and drop 1 floor!
   407 | D:2      | 407 ||| READING scroll labelled VASOIM GUYPINK.
   408 | D:2      | 408 ||| READING 2 scrolls labelled ANADEUPLUU.
   426 | D:2      | HP: 2/16 [gnoll/+0 flail (5)]
   429 | D:2      | Killed from afar by a dart slug

Levels and vault maps discovered:
D:1:      scummos_arrival_simple_crosswalls, layout_loops_ring,
          chequers_hall_statues_y
D:2:      layout_rooms, chequers_big_river

Skill      XL: |  1 |
---------------+----+-----
Ranged Weapons | 6 |  6.4
Fighting       | |  1.5
Dodging        | |  2.4
Stealth        | |  1.2

Action                     || total
---------------------------++-------
   Fire: Shortbow          ||    44
    Use: Scroll            ||     2
 Armour: Leather armour    ||     7
  Dodge: Dodged            ||    22

Table legend:
 A = Non-vault XP
 B = Vault XP
 C = Vault XP percentage of total XP
 D = Non-vault monster count
 E = Vault monster count
 F = Vault count percentage of total count
                 A         B        C        D         E       F
            +---------+---------+-------+---------+---------+-------
      Total |      33 |       0 |   0.0 |      18 |       0 |   0.0
            +---------+---------+-------+---------+---------+-------
        D:1 |      25 |       0 |   0.0 |      13 |       0 |   0.0
        D:2 |       8 |       0 |   0.0 |       5 |       0 |   0.0
            +---------+---------+-------+---------+---------+-------
